| TOP OF THE 1ST |
|
Oakland Athletics batting - Pitching for Seattle Mariners : RHP Ed Halicki
|
|
Pitching: RHP Ed Halicki
|
|
|
Batting: RHB Scott Fletcher
|
0-0: Ball 1-0: Foul Ball, location: 2F 1-1: Ball 2-1: Swinging Strike 2-2: Ground out U3 (Groundball, 3S, EV 71.9 MPH)
|
|
Batting: LHB Ruppert Jones
|
0-0: Called Strike 0-1: Ball 1-1: Ball 2-1: Swinging Strike 2-2: Ball 3-2: Strikes out swinging
|
|
Batting: RHB Dave Henderson
|
0-0: Fly out, F8 (Flyball, 89M, EV 91.9 MPH)
|
| Top of the 1st over - 0 runs, 0 hits, 0 errors, 0 left on base; Oakland 0 - Seattle 0 |
| BOTTOM OF THE 1ST |
|
Seattle Mariners batting - Pitching for Oakland Athletics : LHP Gerald Tyler
|
|
Pitching: LHP Gerald Tyler
|
|
|
Batting: RHB Paul Runge
|
0-0: Ball 1-0: Ball 2-0: Called Strike 2-1: Ball 3-1: Foul Ball, location: 2F 3-2: Strikes out swinging
|
|
Batting: LHB Mike Stenhouse
|
0-0: Ball 1-0: Ball 2-0: Swinging Strike 2-1: Ball 3-1: Ground out 4-3 (Groundball, 4, EV 85.6 MPH)
|
|
Batting: RHB Robin Yount
|
0-0: Fly out, F6 (Popup, 4MD, EV 46.9 MPH)
|
| Bottom of the 1st over - 0 runs, 0 hits, 0 errors, 0 left on base; Oakland 0 - Seattle 0 |
| TOP OF THE 2ND |
|
Oakland Athletics batting - Pitching for Seattle Mariners : RHP Ed Halicki
|
|
Batting: LHB Reggie Jackson
|
0-0: Called Strike 0-1: Swinging Strike 0-2: Foul Ball, location: 2F 0-2: Ball 1-2: Ball 2-2: Foul Ball, location: 2F 2-2: Strikes out swinging
|
|
Batting: RHB George Hendrick
|
0-0: Ball 1-0: SINGLE (Line Drive, 8LS, EV 94.4 MPH)
|
|
Batting: RHB Earl C Williams
|
0-0: Grounds into double play, 6-4-3 (Groundball, 6, EV 110.0 MPH)
|
| Top of the 2nd over - 0 runs, 1 hit, 0 errors, 0 left on base; Oakland 0 - Seattle 0 |
| BOTTOM OF THE 2ND |
|
Seattle Mariners batting - Pitching for Oakland Athletics : LHP Gerald Tyler
|
|
Batting: LHB Chris Wynn
|
0-0: Ball 1-0: Ground out 2-3 (Groundball, 15S, EV 68.8 MPH)
|
|
Batting: RHB Bobby Bonds
|
0-0: Called Strike 0-1: Ball 1-1: Fly out, F7 (Flyball, 78S, EV 90.6 MPH)
|
|
Batting: RHB John Rabb
|
0-0: Ball 1-0: Foul Ball, location: 2F 1-1: Ball 2-1: Ball 3-1: Called Strike 3-2: Foul Ball, location: 2F 3-2: Base on Balls
|
|
Batting: LHB Ivan Flores
|
0-0: Fly out, F9 (Flyball, 89S, EV 92.5 MPH)
|
| Bottom of the 2nd over - 0 runs, 0 hits, 0 errors, 1 left on base; Oakland 0 - Seattle 0 |
| TOP OF THE 3RD |
|
Oakland Athletics batting - Pitching for Seattle Mariners : RHP Ed Halicki
|
|
Batting: LHB Ben Oglivie
|
0-0: Called Strike 0-1: Ground out 4-3 (Groundball, 34, EV 98.8 MPH)
|
|
Batting: RHB Barry Evans
|
0-0: Ball 1-0: Ball 2-0: Ball 3-0: Base on Balls
|
|
Batting: SHB Rodney Scott
|
0-0: Grounds into double play, 5-4-3 (Groundball, 56, EV 88.1 MPH)
|
| Top of the 3rd over - 0 runs, 0 hits, 0 errors, 0 left on base; Oakland 0 - Seattle 0 |
| BOTTOM OF THE 3RD |
|
Seattle Mariners batting - Pitching for Oakland Athletics : LHP Gerald Tyler
|
|
Batting: LHB Rich Gedman
|
0-0: Called Strike 0-1: Called Strike 0-2: Ball 1-2: DOUBLE (Line Drive, 9LM, EV 101.9 MPH) - OUT at third base trying to stretch hit.
|
|
Batting: RHB Kurt Cunningham
|
0-0: Ball 1-0: Swinging Strike 1-1: Ball 2-1: SINGLE (Groundball, 13, EV 81.3 MPH) (infield hit)
|
|
Batting: RHB Paul Runge
|
0-0: Called Strike 0-1: Called Strike 0-2: Foul Ball, location: 2F 0-2: 2-RUN HOME RUN (Flyball, 7D, EV 93.8 MPH), Distance : 385 ft
|
|
Batting: LHB Mike Stenhouse
|
0-0: Fly out, F9 (Flyball, 9, EV 86.3 MPH)
|
|
Batting: RHB Robin Yount
|
0-0: Ball 1-0: Foul Ball, location: 2F 1-1: Called Strike 1-2: Fly out, F9 (Flyball, 89D, EV 86.9 MPH)
|
| Bottom of the 3rd over - 2 runs, 3 hits, 0 errors, 0 left on base; Oakland 0 - Seattle 2 |
| TOP OF THE 4TH |
|
Oakland Athletics batting - Pitching for Seattle Mariners : RHP Ed Halicki
|
|
Batting: RHB Scott Fletcher
|
0-0: Foul Ball, location: 2F 0-1: Foul Ball, location: 2F 0-2: SINGLE (Line Drive, 9S, EV 97.5 MPH)
|
|
Batting: LHB Ruppert Jones
|
0-0: Ball 1-0: Foul Ball, location: 2F 1-1: Fly out, F9 (Flyball, 89M, EV 93.1 MPH)
|
|
Batting: RHB Dave Henderson
|
0-0: Ball 1-0: Called Strike 1-1: Fielders Choice at 2nd, 6-4 (Groundball, 6M, EV 91.9 MPH)
|
|
Batting: LHB Reggie Jackson
|
0-0: Foul Ball, location: 2F 0-1: Ball 1-1: Called Strike 1-2: Ball 2-2: Ball 3-2: Ground out U3 (Groundball, 3, EV 81.9 MPH)
|
| Top of the 4th over - 0 runs, 1 hit, 0 errors, 1 left on base; Oakland 0 - Seattle 2 |
| BOTTOM OF THE 4TH |
|
Seattle Mariners batting - Pitching for Oakland Athletics : LHP Gerald Tyler
|
|
Batting: LHB Chris Wynn
|
0-0: Ball 1-0: Foul Ball, location: 2F 1-1: Swinging Strike 1-2: Strikes out swinging
|
|
Batting: RHB Bobby Bonds
|
0-0: Ball 1-0: Called Strike 1-1: Ball 2-1: Foul Ball, location: 2F 2-2: Ball 3-2: Fly out, F9 (Flyball, 9LS, EV 91.9 MPH)
|
|
Batting: RHB John Rabb
|
0-0: Ball 1-0: DOUBLE (Line Drive, 7LS, EV 96.9 MPH)
|
|
Batting: LHB Ivan Flores
|
0-0: Called Strike 0-1: Ball 1-1: Ball 2-1: Ball 3-1: Base on Balls
|
|
Batting: LHB Rich Gedman
|
0-0: Called Strike 0-1: Ball 1-1: Called Strike 1-2: SINGLE (Groundball, 56D, EV 100.0 MPH) John Rabb to third Ivan Flores to second Runner from 3rd tries for Home, SAFE, throw by LF to home
|
|
Batting: RHB Kurt Cunningham
|
0-0: Called Strike Rich Gedman is caught stealing 2nd base 2-4 Ivan Flores steals 3rd base
|
| Bottom of the 4th over - 1 run, 2 hits, 0 errors, 1 left on base; Oakland 0 - Seattle 3 |
| TOP OF THE 5TH |
|
Oakland Athletics batting - Pitching for Seattle Mariners : RHP Ed Halicki
|
|
Pitching: LHP Jerry Gomez
|
|
|
Batting: RHB George Hendrick
|
0-0: Ball 1-0: Called Strike 1-1: Ground out 5-3 (Groundball, 56, EV 76.9 MPH)
|
|
Batting: RHB Earl C Williams
|
0-0: Ball 1-0: Called Strike 1-1: Swinging Strike 1-2: Ball 2-2: Ball 3-2: SINGLE (Line Drive, 56D, EV 102.5 MPH)
|
|
Batting: LHB Ben Oglivie
|
0-0: Called Strike 0-1: Foul Ball, location: 2F 0-2: Foul Ball, location: 2F 0-2: Ball 1-2: Ball 2-2: Ball 3-2: Base on Balls Earl C Williams to second
|
|
Batting: RHB Barry Evans
|
0-0: Called Strike 0-1: Swinging Strike 0-2: Ball 1-2: Foul Ball, location: 2F 1-2: 3-RUN HOME RUN (Flyball, 8LXD, EV 108.8 MPH), Distance : 466 ft
|
|
Pitching: RHP Dick Bosman
|
|
|
Batting: SHB Rodney Scott
|
0-0: Ball 1-0: Ball 2-0: SINGLE (Groundball, 6MD, EV 96.9 MPH)
|
|
Batting: RHB Scott Fletcher
|
0-0: Ball Rodney Scott is caught stealing 2nd base 2-4 1-0: Fly out, F4 (Popup, 34S, EV 87.5 MPH)
|
| Top of the 5th over - 3 runs, 3 hits, 0 errors, 0 left on base; Oakland 3 - Seattle 3 |
| BOTTOM OF THE 5TH |
|
Seattle Mariners batting - Pitching for Oakland Athletics : LHP Gerald Tyler
|
|
Pitching: LHP Bob Falcon
|
|
|
Batting: RHB Kurt Cunningham
|
0-0: Ball 1-0: SINGLE (Groundball, 25, EV 66.3 MPH) (infield hit)
|
|
Batting: RHB Paul Runge
|
0-0: Ball 1-0: Ball 2-0: Called Strike 2-1: Ball 3-1: Sac Bunt to P - play at first, batter OUT! 1-4 Kurt Cunningham to second
|
|
Batting: LHB Mike Stenhouse
|
0-0: Ball 1-0: Ball 2-0: SINGLE (Line Drive, 89S, EV 100.0 MPH) Kurt Cunningham to third Runner from 3rd tries for Home, SAFE, throw by RF to home
|
|
Batting: RHB Robin Yount
|
0-0: Ball 1-0: Ball 2-0: Ball 3-0: Called Strike 3-1: Foul Ball, location: 2F 3-2: DOUBLE (Flyball, 78D, EV 108.8 MPH) Mike Stenhouse to third Mike Stenhouse scores
|
|
Batting: LHB Chris Wynn
|
0-0: Ball 1-0: Ball 2-0: Foul Ball, location: 2F 2-1: Foul Ball, location: 2F 2-2: Foul Ball, location: 2F 2-2: Foul Ball, location: 2F 2-2: Strikes out looking
|
|
Batting: RHB Bobby Bonds
|
0-0: Ball 1-0: Called Strike 1-1: Swinging Strike 1-2: Ball 2-2: Strikes out swinging
|
| Bottom of the 5th over - 2 runs, 3 hits, 0 errors, 1 left on base; Oakland 3 - Seattle 5 |
| TOP OF THE 6TH |
|
Oakland Athletics batting - Pitching for Seattle Mariners : RHP Dick Bosman
|
|
Batting: LHB Ruppert Jones
|
0-0: Foul Ball, location: 2F 0-1: Foul Ball, location: 2F 0-2: Ball 1-2: Foul Ball, location: 2F 1-2: Strikes out swinging
|
|
Batting: RHB Dave Henderson
|
0-0: Swinging Strike 0-1: Ball 1-1: Ball 2-1: Ground out 5-3 (Groundball, 56, EV 105.6 MPH)
|
|
Batting: LHB Reggie Jackson
|
0-0: Called Strike 0-1: Swinging Strike 0-2: Ball 1-2: Foul Ball, location: 2F 1-2: SINGLE (Groundball, 13, EV 90.0 MPH) (infield hit)
|
|
Batting: RHB George Hendrick
|
0-0: Ball 1-0: Foul Ball, location: 2F 1-1: Swinging Strike 1-2: Ball 2-2: Foul Ball, location: 2F 2-2: SINGLE (Groundball, 34D, EV 102.5 MPH) Reggie Jackson to second
|
|
Batting: RHB Earl C Williams
|
0-0: 3-RUN HOME RUN (Flyball, 89XD, EV 88.1 MPH), Distance : 457 ft
|
|
Pitching: RHP Timothy Jones
|
|
|
Batting: LHB Ben Oglivie
|
0-0: Ball 1-0: Ground out U3 (Groundball, 34, EV 97.5 MPH)
|
| Top of the 6th over - 3 runs, 3 hits, 0 errors, 0 left on base; Oakland 6 - Seattle 5 |
| BOTTOM OF THE 6TH |
|
Seattle Mariners batting - Pitching for Oakland Athletics : LHP Bob Falcon
|
|
Batting: RHB John Rabb
|
0-0: Ball 1-0: Foul Ball, location: 2F 1-1: Foul Ball, location: 2F 1-2: Ball 2-2: Ball 3-2: Foul Ball, location: 2F 3-2: Base on Balls
|
|
Batting: LHB Ivan Flores
|
0-0: Bunt missed! 0-1: Ball 1-1: Sac Bunt to 13S - play at first, batter OUT! 1-4 John Rabb to second
|
|
Batting: LHB Rich Gedman
|
0-0: Ball 1-0: Foul Ball, location: 2F 1-1: Ball 2-1: Foul Ball, location: 2F 2-2: Ball 3-2: Foul Ball, location: 2F 3-2: Base on Balls
|
|
Batting: RHB Kurt Cunningham
|
0-0: Foul Ball, location: 2F 0-1: Swinging Strike 0-2: Ball 1-2: Foul Ball, location: 2F 1-2: Ball 2-2: Ball 3-2: Base on Balls John Rabb to third Rich Gedman to second
|
|
Pinch Hitting: RHB Ryne Sandberg
|
0-0: Foul Ball, location: 2F 0-1: Fly out, F9 (Flyball, 9LM, EV 90.0 MPH) Runner from 3rd tags up, SCORES, throw by RF Rich Gedman to third
|
|
Pitching: LHP Bob Knepper
|
|
|
Pinch Hitting: RHB Ramon Estepa
|
0-0: DOUBLE (Line Drive, 3D, EV 111.9 MPH) Rich Gedman scores Kurt Cunningham to third Runner from 3rd tries for Home, SAFE, no throw by RF
|
|
Pinch Hitting: LHB Glen Franklin
|
0-0: Ball Wild Pitch! Ramon Estepa to third 1-0: Ball 2-0: Ball 3-0: Called Strike 3-1: Called Strike 3-2: SINGLE (Line Drive, 56D, EV 93.8 MPH) Ramon Estepa scores
|
|
Batting: RHB Juan DeLiza
|
0-0: Called Strike 0-1: Ball 1-1: Called Strike Glen Franklin is caught stealing 2nd base 2-4
|
| Bottom of the 6th over - 4 runs, 2 hits, 0 errors, 0 left on base; Oakland 6 - Seattle 9 |
| TOP OF THE 7TH |
|
Oakland Athletics batting - Pitching for Seattle Mariners : RHP Timothy Jones
|
|
Now at 2B: Ryne Sandberg
|
|
|
Now at SS: Glen Franklin
|
|
|
Now in CF: Ramon Estepa
|
|
|
Batting: RHB Barry Evans
|
0-0: Swinging Strike 0-1: Ball 1-1: DOUBLE (Line Drive, 89D, EV 110.0 MPH)
|
|
Batting: SHB Rodney Scott
|
0-0: Ball 1-0: Foul Ball, location: 2F 1-1: SINGLE (Line Drive, 34D, EV 98.8 MPH) Barry Evans to third Runner from 3rd tries for Home, throw by RF and OUT! 9-2 Rodney Scott to second
|
|
Pinch Hitting: RHB Fred Andrews
|
0-0: Called Strike Rodney Scott steals 3rd base 0-1: Ball 1-1: Ball 2-1: Called Strike 2-2: Ball 3-2: 2-RUN HOME RUN (Flyball, 9D, EV 106.9 MPH), Distance : 415 ft
|
|
Pitching: RHP Nick Bowditch
|
|
|
Pinch Hitting: RHB Willie Darkis
|
0-0: Swinging Strike 0-1: Ball 1-1: Ball 2-1: Swinging Strike 2-2: Strikes out swinging
|
|
Pinch Hitting: RHB John Scott
|
0-0: Called Strike 0-1: Ball 1-1: Ball 2-1: Foul Ball, location: 2F 2-2: Ball 3-2: Strikes out swinging
|
| Top of the 7th over - 2 runs, 3 hits, 0 errors, 0 left on base; Oakland 8 - Seattle 9 |
| BOTTOM OF THE 7TH |
|
Seattle Mariners batting - Pitching for Oakland Athletics : LHP Bob Knepper
|
|
Now at 1B: Dave F Schmidt
|
|
|
Now at 2B: Fred Andrews
|
|
|
Now at 3B: John Scott
|
|
|
Now in CF: Willie Darkis
|
|
|
Batting: RHB Juan DeLiza
|
0-0: Ball 1-0: Fly out, F8 (Flyball, 8LM, EV 78.1 MPH)
|
|
Pinch Hitting: SHB Miguel Dilone
|
0-0: Called Strike 0-1: Swinging Strike 0-2: Strikes out swinging
|
|
Batting: RHB John Rabb
|
0-0: Ball 1-0: SINGLE (Flyball, 3D, EV 88.8 MPH)
|
|
Pinch Hitting: RHB Tony Conigliaro
|
0-0: Called Strike 0-1: Ball 1-1: Ball 2-1: SINGLE (Line Drive, 34D, EV 94.4 MPH) John Rabb to second Runner from 2nd tries for 3rd, SAFE, throw by RF made to third
|
|
Batting: LHB Rich Gedman
|
0-0: Ball 1-0: Ball 2-0: Foul Ball, location: 2F 2-1: Ball 3-1: Called Strike 3-2: Ground out 6-3 (Groundball, 6, EV 91.9 MPH)
|
| Bottom of the 7th over - 0 runs, 2 hits, 0 errors, 2 left on base; Oakland 8 - Seattle 9 |
| TOP OF THE 8TH |
|
Oakland Athletics batting - Pitching for Seattle Mariners : RHP Nick Bowditch
|
|
Now in LF: Miguel Dilone
|
|
|
Now in RF: Tony Conigliaro
|
|
|
Batting: LHB Ronald Little
|
0-0: Foul Ball, location: 2F 0-1: Foul Ball, location: 2F 0-2: Ball 1-2: Ball 2-2: Strikes out swinging
|
|
Pinch Hitting: RHB Edgar Flores
|
0-0: Ball 1-0: Swinging Strike 1-1: Fly out, F8 (Line Drive, 8LD, EV 85.6 MPH)
|
|
Batting: RHB Earl C Williams
|
0-0: Called Strike 0-1: SINGLE (Flyball, 8RS, EV 101.3 MPH)
|
|
Pinch Hitting: LHB Roy Hartford
|
0-0: Ball 1-0: Ball 2-0: Called Strike 2-1: Ball 3-1: Ground out 4-3 (Groundball, 4, EV 85.6 MPH)
|
| Top of the 8th over - 0 runs, 1 hit, 0 errors, 1 left on base; Oakland 8 - Seattle 9 |
| BOTTOM OF THE 8TH |
|
Seattle Mariners batting - Pitching for Oakland Athletics : LHP Bob Knepper
|
|
Now in LF: Edgar Flores
|
|
|
Now in RF: Roy Hartford
|
|
|
Pinch Hitting: LHB Jose Perales
|
0-0: Ball 1-0: Foul Ball, location: 2F 1-1: Foul Ball, location: 2F 1-2: Foul Ball, location: 2F 1-2: Ball 2-2: Strikes out swinging
|
|
Batting: RHB Ryne Sandberg
|
0-0: Called Strike 0-1: Ball 1-1: Swinging Strike 1-2: Ball 2-2: Strikes out swinging
|
|
Batting: RHB Ramon Estepa
|
0-0: Called Strike 0-1: Ball 1-1: Called Strike 1-2: Ball 2-2: Foul Ball, location: 2F 2-2: Foul Ball, location: 2F 2-2: Ball 3-2: Fly out, F7 (Line Drive, 7D, EV 91.9 MPH)
|
| Bottom of the 8th over - 0 runs, 0 hits, 0 errors, 0 left on base; Oakland 8 - Seattle 9 |
| TOP OF THE 9TH |
|
Oakland Athletics batting - Pitching for Seattle Mariners : RHP Nick Bowditch
|
|
Now at 3B: Jose Perales
|
|
|
Batting: RHB Dave F Schmidt
|
0-0: Foul Ball, location: 2F 0-1: Swinging Strike 0-2: Foul Ball, location: 2F 0-2: Ball 1-2: Foul Ball, location: 2F 1-2: Foul Ball, location: 2F 1-2: Ball 2-2: Foul Ball, location: 2F 2-2: Foul Ball, location: 2F 2-2: Foul Ball, location: 2F 2-2: Ball 3-2: Foul Ball, location: 2F 3-2: Reached via error on a dropped throw from 3B, E3 (Groundball, 5L, EV 100.6 MPH)
|
|
Pitching: RHP Tommy Boggs
|
|
|
Pinch Hitting: LHB Wayne Krenchicki
|
0-0: Ball 1-0: Ball 2-0: Swinging Strike 2-1: Ball Wild Pitch! Dave F Schmidt to second 3-1: Foul Ball, location: 2F 3-2: Strikes out looking
|
|
Batting: RHB Fred Andrews
|
0-0: Ball 1-0: SINGLE (Line Drive, 89M, EV 98.1 MPH) Dave F Schmidt to third Runner from 3rd tries for Home, SAFE, throw by CF to home Fred Andrews to second
|
|
Batting: RHB Willie Darkis
|
0-0: Ball 1-0: Called Strike Fred Andrews steals 3rd base 1-1: Foul Ball, location: 2F 1-2: Strikes out swinging
|
|
Batting: RHB John Scott
|
0-0: Called Strike 0-1: 2-RUN HOME RUN (Flyball, 7D, EV 107.5 MPH), Distance : 390 ft
|
|
Batting: LHB Ronald Little
|
0-0: Fly out, F8 (Flyball, 8LXD, EV 98.1 MPH)
|
| Top of the 9th over - 3 runs, 2 hits, 1 error, 0 left on base; Oakland 11 - Seattle 9 |
| BOTTOM OF THE 9TH |
|
Seattle Mariners batting - Pitching for Oakland Athletics : LHP Bob Knepper
|
|
Now at SS: Wayne Krenchicki
|
|
|
Batting: LHB Glen Franklin
|
0-0: Ball 1-0: Ball 2-0: Called Strike 2-1: Fly out, F7 (Flyball, 7LM, EV 97.5 MPH)
|
|
Batting: RHB Juan DeLiza
|
0-0: Called Strike 0-1: Foul Ball, location: 2F 0-2: Ball 1-2: Fly out, F4 (Popup, 34S, EV 67.5 MPH)
|
|
Pitching: RHP Neil Allen
|
|
|
Batting: SHB Miguel Dilone
|
0-0: Ball 1-0: Swinging Strike 1-1: Swinging Strike 1-2: Ball 2-2: Strikes out swinging
|
| Bottom of the 9th over - 0 runs, 0 hits, 0 errors, 0 left on base; Oakland 11 - Seattle 9 |
|